 Dungeon Crawl Stone Soup version 0.31.0-11-ge490571c62 (webtiles) character file.

Game seed: 9792681484977812958

420 qw the Ducker (level 6, -1/25 (33) HPs)
             Began as a Spriggan Hunter on Feb 5, 2024.
             Slain by a black bear (8 damage)
             ... on level 4 of the Dungeon.
             The game lasted 00:01:03 (3036 turns).

qw the Ducker (Spriggan Hunter)                     Turns: 3036, Time: 00:01:03

HP:   -1/25 (33)    AC:  2    Str:  7    XL:     6   Next: 62%
MP:   7/7           EV: 21    Int: 10    God:
Gold: 172           SH:  0    Dex: 21    Spells: 5/5 levels left

rFire   . . .        a - +0 shortbow
rCold   + + +        (shield currently unavailable)
rNeg    . . .        c - +0 robe
rPois   .            (helmet restricted)
rElec   .            (no cloak)
rCorr   .            (gloves unavailable)
SInv    +            (boots unavailable)
Will    ++++.        n - amulet of the Final Decision {Faith *Corrode ^Fragile rC+++ Will+++}
Stlth   ++           (no ring)
HPRegen 0.24/turn    (no ring)
MPRegen 0.10/turn

%: corrode self (3%), faith
@: about to teleport, heavily drained, very quick
A: very small, no large weapons, unfitting armour, see invisible, speed 3
a: no special abilities


You were on level 4 of the Dungeon.
You visited 1 branch of the dungeon, and saw 5 of its levels.

You collected 172 gold pieces.


Innate Abilities, Weirdness & Mutations

You are very small and have problems with some larger weapons.
You are too small for most types of armour.
You have supernaturally acute eyesight. (SInv)
You cover ground extremely quickly. (Speed+++)


   Skills:
 - Level 3.9 Fighting
 + Level 5.1 Ranged Weapons
 - Level 6.1 Dodging
 - Level 1.5 Stealth


You had 5 spell levels left.
You didn't know any spells.
Your spell library was empty.

Inventory:

Hand Weapons
 a - a +0 shortbow (weapon)
Armour
 c - a +0 robe (worn)
Jewellery
 b - a ring of willpower
 d - an amulet of faith
 i - the amulet "Wekhul" {Acrobat ^Drain Will+++ Dex+4}
   (You found it on level 2 of the Dungeon)

   [amulet of the acrobat]

   Acrobat:   It increases your evasion while moving and waiting.
   Dex+4:     It affects your dexterity (+4).
   Will+++:   It greatly increases your willpower.
   ^Drain:    It drains your maximum health when unequipped.
 n - the amulet of the Final Decision (around neck) {Faith *Corrode ^Fragile rC+++ Will+++}
   (You found it on level 4 of the Dungeon)

   [amulet of faith]

   Faith:     It allows you to gain divine favour quickly.
   rC+++:     It renders you almost immune to cold.
   Will+++:   It greatly increases your willpower.
   *Corrode:  It may corrode you when you take damage.
   ^Fragile:  It will be destroyed if unequipped.
Scrolls
 g - a scroll of teleportation
Potions
 e - a potion of curing
 f - 2 potions of mutation
 h - a potion of cancellation
 j - a potion of might
 k - a potion of haste {unknown}
 m - a potion of heal wounds {unknown}
 o - a potion of lignification {unknown}

Dungeon Overview and Level Annotations

Branches:
Dungeon (5/15)
 Temple: D:4-7

Altars:
Wu Jian

Shops:
D:4 (

Annotations:
D:2 1 runed translucent door, Crazy Yiuf


Message History

You shoot an arrow. The arrow hits the ufetubus!
The ufetubus is severely wounded.
The ufetubus barely misses you. The ufetubus hits you.
You shoot an arrow. The arrow misses the ufetubus.
The ufetubus completely misses you. The ufetubus closely misses you. x2
The ufetubus hits you.
You shoot an arrow.
The arrow hits the ufetubus but does no damage.
The ufetubus is severely wounded.
The ufetubus slips past you! The ufetubus misses you.
The ufetubus completely misses you. The ufetubus barely misses you.
The ufetubus closely misses you.
You shoot an arrow. The arrow hits the ufetubus.
You kill the ufetubus!
You start resting.
HP restored.
You climb downwards.
The ufetubus slips past you!
The ufetubus closely misses you. x2; The ufetubus misses you.
The ufetubus hits you. The ufetubus closely misses you. x2
There is a stone staircase leading up here.
3032 ||| STAIRDANCE The black bear bites you.
The black bear claws you. The black bear misses you.
The ufetubus closely misses you. The ufetubus misses you.
You climb upwards.
There is a stone staircase leading down here.
You shoot an arrow. The arrow hits the black bear.
The black bear is lightly wounded.
The ufetubus barely misses you. The ufetubus hits you.
The black bear bites you. The black bear claws you. The black bear misses you.
The ufetubus barely misses you. The ufetubus misses you.
You shoot an arrow. The arrow barely misses the black bear.
The black bear barely misses you. The black bear closely misses you. x2
The ufetubus completely misses you. The ufetubus closely misses you.
The black bear misses you. The black bear claws you. The black bear misses you.
3036 ||| READING 2 scrolls of teleportation.
As you read the scroll of teleportation, it crumbles to dust.
You feel strangely unstable. The ufetubus closely misses you.
The ufetubus barely misses you. x2
The ufetubus completely misses you. The black bear bites you!
You die...

#....############
#....'..........#
#....#..........#
###....#'########### ##
#..##..............# .#
#...#..............# .#
#...#..............# .#
#...#....5.........# .#
#...#.....@h.......#
########..#..............########
##.##.##..####+########....#..#..
<...#.....#..\........#...?#..#..
....#.....#...........#....#..#..
...##.....######'#..#......#'##..
#####.....##..#..#.+#.####......#
............###'##+##+####......#
............#.....#.....##......#


You could see a black bear and an ufetubus.

Vanquished Creatures
  Grinder (D:4)
  A bombardier beetle (D:4)
  2 hounds (D:4)
  Terence (D:2)
  3 gnolls (D:3)
  2 adders (D:4)
  An ufetubus (D:4)
  2 dart slugs
  3 ball pythons
  6 endoplasms
  2 giant cockroaches
  2 goblins (D:1)
  6 hobgoblins
  3 jackals (D:1)
  5 kobolds
  3 quokkas
  4 bats
  5 frilled lizards
  6 rats
58 creatures vanquished.

Notes
Turn   | Place    | Note
-------+----------+-------------------------------------------
     0 | D:1      | qw the Spriggan Hunter began the quest for the Orb.
     0 | D:1      | Reached XP level 1. HP: 10/10 MP: 2/2
     0 | D:1      | 0 ||| qw: Version: 0.3-a-160-g6735b56
     0 | D:1      | 0 ||| qw: Game counter: 6574
     0 | D:1      | 0 ||| qw: Melee chars always use a shield: true
     0 | D:1      | 0 ||| qw: God list: Okawaru
     0 | D:1      | 0 ||| qw: Allow faded altars: false
     0 | D:1      | 0 ||| qw: Do Orc after clearing Dungeon:15 true
     0 | D:1      | 0 ||| qw: Do second Lair branch before Depths: true
     0 | D:1      | 0 ||| qw: Lair rune preference: random
     0 | D:1      | 0 ||| qw: Goals: Normal
     0 | D:1      | 0 ||| PLANNING D:1-11
    77 | D:1      | Reached skill level 3 in Dodging
   128 | D:1      | Reached XP level 2. HP: 14/14 MP: 3/3
   335 | D:1      | You fall into a shaft and drop 1 floor!
   360 | D:2      | Found a runed translucent door.
   361 | D:2      | Noticed Crazy Yiuf
   384 | D:2      | Reached skill level 4 in Dodging
   418 | D:2      | Noticed Terence
   422 | D:2      | 422 ||| RETREEEEATING.
   442 | D:2      | HP: 2/14 [Terence/+1 mace of protection (7)]
   446 | D:2      | Killed Terence
   447 | D:2      | Reached XP level 3. HP: 4/18 MP: 4/4
   506 | D:2      | 506 ||| READING 6 scrolls labelled MITUOCZ DAJUU.
   506 | D:2      | 506 ||| IDENTIFYING coppery potion
   507 | D:2      | 507 ||| READING 5 scrolls of identify.
   507 | D:2      | 507 ||| IDENTIFYING fizzy golden potion
   508 | D:2      | 508 ||| READING 4 scrolls of identify.
   508 | D:2      | 508 ||| IDENTIFYING scroll labelled GAH VUHEAMUTO
   509 | D:2      | 509 ||| READING 3 scrolls of identify.
   509 | D:2      | 509 ||| IDENTIFYING 2 scrolls labelled IXZUOL NUENAHE
   510 | D:2      | 510 ||| DROPPING scroll of butterflies.
   511 | D:2      | 511 ||| DROPPING scroll of blinking.
   512 | D:2      | 512 ||| DROPPING potion of degeneration.
   939 | D:1      | 939 ||| UPGRADING to ring of willpower.
  1005 | D:2      | Identified the amulet "Wekhul" {Acrobat ^Drain Will+++
                  | Dex+4}
  1185 | D:2      | Identified the +11 whip "Hydrabane" {venom, +Blink rC+++
                  | Str-3 SInv}
  1275 | D:2      | 1275 ||| UPGRADING to amulet "Wekhul" {Acrobat ^Drain
                  | Will+++ Dex+4}.
  1280 | D:2      | 1280 ||| REMOVING ring of willpower.
  1281 | D:2      | 1281 ||| READING 3 scrolls of identify.
  1281 | D:2      | 1281 ||| IDENTIFYING bubbling ruby potion
  1282 | D:2      | 1282 ||| READING 2 scrolls of identify.
  1282 | D:2      | 1282 ||| IDENTIFYING scroll labelled WAOWITIEL
  1283 | D:2      | 1283 ||| READING scroll of identify.
  1283 | D:2      | 1283 ||| IDENTIFYING 2 scrolls labelled HEG QOTHUI
  1284 | D:2      | 1284 ||| DROPPING 2 scrolls of revelation.
  1285 | D:2      | 1285 ||| DROPPING scroll of noise.
  1356 | D:3      | 1356 ||| RETREEEEATING.
  1361 | D:3      | Reached XP level 4. HP: 22/22 MP: 5/5
  1709 | D:3      | Reached skill level 5 in Dodging
  1803 | D:3      | Found a faded altar of an unknown god.
  2003 | D:3      | 2003 ||| READING scroll of identify.
  2003 | D:3      | 2003 ||| IDENTIFYING fizzy grey potion
  2004 | D:3      | 2004 ||| READING scroll labelled YDUALY FEOZE.
  2005 | D:3      | 2005 ||| READING scroll labelled PYF TUWIUTUE.
  2007 | D:3      | 2007 ||| Stepping ~*~*~tactically~*~*~ (cloud).
  2121 | D:4      | Noticed Grinder
  2138 | D:4      | Killed Grinder
  2139 | D:4      | Reached skill level 3 in Fighting
  2139 | D:4      | Reached XP level 5. HP: 11/29 MP: 6/6
  2139 | D:4      | Reached XP level 6. HP: 13/33 MP: 7/7
  2446 | D:4      | Reached skill level 6 in Dodging
  2558 | D:4      | Found Heujo's Weapon Emporium.
  2579 | D:4      | Found an ornate altar of the Wu Jian Council.
  2789 | D:4      | Identified the amulet of the Final Decision {Faith *Corrode
                  | ^Fragile rC+++ Will+++}
  2953 | D:4      | 2953 ||| UPGRADING to amulet of faith.
  2963 | D:4      | 2963 ||| UPGRADING to amulet of the Final Decision {Faith
                  | *Corrode ^Fragile rC+++ Will+++}.
  2973 | D:4      | 2973 ||| READING scroll labelled KOWEHA QORPHIXT.
  2974 | D:4      | 2974 ||| DRINKING 2 puce potions.
  2985 | D:5      | Entered Level 5 of the Dungeon
  2988 | D:5      | 2988 ||| STAIRDANCE
  3032 | D:5      | 3032 ||| STAIRDANCE
  3035 | D:4      | HP: 6/25 [black bear (2)]
  3036 | D:4      | 3036 ||| READING 2 scrolls of teleportation.
  3036 | D:4      | Slain by a black bear

Levels and vault maps discovered:
D:1:      dpeg_arrival_refuge, layout_basic, nrook_campfire
D:2:      layout_rooms, uniq_terence, uniq_crazy_yiuf_cottage
D:3:      layout_basic, hellmonk_ecumenical_altar_inner_sanctum, hex_medium,
          grunt_decor_clamped
D:4:      layout_gridville, mainiacjoe_overflow_24_doors, serial_shops, shop,
          reono_crystal_passage, uniq_grinder
D:5:      layout_cave_pools

Skill      XL: |  1  2  3  4  5  6 |
---------------+-------------------+-----
Dodging        | 3 4 5 6 |  6.1
Ranged Weapons | 5 |  5.1
Fighting       | 3 |  3.9
Stealth        | |  1.5

Action                     |  1- 3 |  4- 6 || total
---------------------------+-------+-------++-------
   Fire: Shortbow          |    84 |   107 ||   191
    Use: Scroll            |     7 |     5 ||    12
         Potion            |       |     1 ||     1
 Armour: Robe              |     3 |    19 ||    22
  Dodge: Dodged            |    23 |    82 ||   105

Table legend:
 A = Non-vault XP
 B = Vault XP
 C = Vault XP percentage of total XP
 D = Non-vault monster count
 E = Vault monster count
 F = Vault count percentage of total count
                 A         B        C        D         E       F
            +---------+---------+-------+---------+---------+-------
      Total |     287 |     313 |  52.2 |      56 |       2 |   3.4
            +---------+---------+-------+---------+---------+-------
        D:1 |      36 |       0 |   0.0 |      21 |       0 |   0.0
        D:2 |      18 |      36 |  66.7 |      11 |       1 |   8.3
        D:3 |      58 |       0 |   0.0 |      13 |       0 |   0.0
        D:4 |     175 |     277 |  61.3 |      11 |       1 |   8.3
            +---------+---------+-------+---------+---------+-------
